 Dungeon Crawl Stone Soup version bcrawl-1.28 (webtiles) character file.

Game seed: 17590766398432226556

182829 MisterOstroum the Grave Robber (level 6, -6/48 HPs)
             Began as a Centaur Necromancer on Nov 23, 2020.
             Was an Initiate of Sif Muna.
             Shot with an arrow by a centaur (11 damage)
             ... on level 4 of the Dungeon.
             The game lasted 00:05:29 (2779 turns).

MisterOstroum the Grave Robber (CeNe)               Turns: 2779, Time: 00:05:30

Health: -6/48      AC:  8    Str: 11 (12) XL:     6   Next: 12%
Magic:  0/11       EV:  7    Int: 17      God:    Sif Muna [......]
Gold:   91         SH:  0    Dex: 10      Spells: 7/12 levels left

rFire    . . .     SeeInvis .   b - +0 hunting sling
rCold    . . .     Gourm    .   (no shield)
rNeg     . . .     Faith    .   p - +0 robe
rPois    .         Spirit   .   (no helmet)
rElec    .         Reflect  .   (no cloak)
rCorr    .         Harm     .   (no gloves)
MR       .....                  n - +0 barding
Stlth    +.........             (no amulet)
HPRegen  0.16/turn              (no ring)
MPRegen  0.12/turn              (no ring)

@: very slightly contaminated, divine energy, very quick
A: large, hooves 3, deformed body, herbivore, speed 2, tough skin 3
a: Stop Divine Energy, Renounce Religion


You were on level 4 of the Dungeon.
You worshipped Sif Muna.
Sif Muna was noncommittal.
You were not hungry.

You visited 1 branch of the dungeon, and saw 4 of its levels.

You collected 241 gold pieces.
You spent 150 gold pieces at shops.

Inventory:

Hand Weapons
 a - a +1 dagger
 b - a +0 hunting sling (weapon)
 o - a +0 rapier
 y - a +2 hand axe of venom
Missiles
 c - 218 bolts
 f - 376 arrows
 g - 26 poisoned needles
 m - 281 stones (quivered)
 q - 136 poisoned tomahawks
Armour
 d - a +0 leather armour
 k - a +0 buckler
 n - a +0 barding (worn)
 p - a +0 robe (worn)
Wands
 A - a wand of iceblast (7)
Scrolls
 i - 4 scrolls of identify {@r1}
 s - a scroll of remove curse {unknown}
 u - a scroll of teleportation {unknown}
 w - 2 scrolls of fog {unknown}
 C - a scroll of fear {!r}
Potions
 h - 2 potions of invisibility {unknown}
 j - 3 potions of curing {unknown}
 l - a potion of haste {unknown}
 r - a potion of heal wounds {unknown}
 t - a potion of agility {unknown}
 v - a potion of degeneration {unknown}
 x - a potion of brilliance {unknown}
 z - a potion of resistance {unknown}
Comestibles
 e - 7 rations {!d}


   Skills:
 - Level 2.0 Fighting
 - Level 1.3 Dodging
 - Level 1.2 Stealth
 + Level 3.6 Spellcasting
 * Level 5.1 Necromancy


You had 7 spell levels left.
You knew the following spells:

 Your Spells              Type           Power        Failure   Level  Hunger
a - Pain                  Necr           ###...       1%          1    None
b - Animate Skeleton      Necr           N/A          1%          1    None
c - Vampiric Draining     Necr           ###.......   6%          3    ####...

Your spell library contained the following spells:

 Spells                   Type           Power        Failure   Level  Hunger
 Regeneration             Chrm/Necr      ##........   17%         3    ####...
 Animate Dead             Necr           N/A          21%         4    #####..
 Bolt of Draining         Conj/Necr      ##........   85%         5    ######.


Dungeon Overview and Level Annotations

Branches:
Dungeon (4/12)
 Temple: D:4-7

Altars:
Nemelex Xobeh
Sif Muna
Uskayaw

Shops:
D:4 ?


Innate Abilities, Weirdness & Mutations

You have hooves in place of feet.
Armour fits poorly on your strangely shaped body.
You are a herbivore.
You cover ground very quickly.
You have extremely tough skin. (AC +3)


Message History

Aim: a worker ant You shoot a stone.
The stone barely misses the worker ant.
Firing (i - inventory. (/) - cycle)
m - 282 stones (quivered)
Press: ? - help, Shift-Dir - straight line, f/p - worker ant
Aim: a worker ant You shoot a stone.
The stone completely misses the worker ant.
The leopard gecko hisses menacingly.
Casting: Pain (safe; 1% risk of failure)
Confirm with . or Enter, or press ? or * to list all spells.
Aiming: Pain (safe; 1% risk of failure)
Press: ? - help, Shift-Dir - straight line, f/p - worker ant
Aim: a worker ant (chance to defeat MR: 85%)
The worker ant writhes in agony.
Casting: Pain (safe; 1% risk of failure)
Confirm with . or Enter, or press ? or * to list all spells.
Aiming: Pain (safe; 1% risk of failure)
Press: ? - help, Shift-Dir - straight line, f/p - worker ant
Aim: a worker ant (moderately wounded, chance to defeat MR: 85%)
The worker ant writhes in agony.
The worker ant barely misses you.
An orc comes into view.
The worker ant closely misses you.
Casting: Pain (safe; 1% risk of failure)
Confirm with . or Enter, or press ? or * to list all spells.
Aiming: Pain (safe; 1% risk of failure)
Press: ? - help, Shift-Dir - straight line, f/p - worker ant
Aim: a worker ant (heavily wounded, chance to defeat MR: 85%)
The worker ant barely resists.
The worker ant barely misses you.
Found a sparkling altar of Nemelex Xobeh.
A quokka comes into view.
A bullfrog comes into view.
The bullfrog gives a loud, deep croak!
An adder skeleton comes into view.
The adder skeleton moves out of view.
An orc comes into view. It is wielding a +0 mace.
The orc shouts!
The adder skeleton bites you but does no damage.
The bullfrog hits you. The hound bites you but does no damage.
The worker ant waves its antennae.
Unknown command.
Casting: Pain (safe; 1% risk of failure)
Confirm with . or Enter, or press ? or * to list all spells.
Aiming: Vampiric Draining (safe; 6% risk of failure)
Press: ? - help, Shift-Dir - straight line, f - hound
Aim: a hound The hound is heavily wounded.
You feel life coursing into your body. The hound bites you but does no damage.
The hound bites you.
Casting: Vampiric Draining (safe; 6% risk of failure)
Confirm with . or Enter, or press ? or * to list all spells.
Aiming: Vampiric Draining (safe; 6% risk of failure)
Press: ? - help, Shift-Dir - straight line, f/p - hound
Aim: a hound (heavily wounded)
You kill the hound!
Sif Muna accepts your kill.
You feel life coursing into your body. The foreign life energy weakens you!
You feel weakened.
The bullfrog hits you but does no damage.
There is a sparkling altar of Nemelex Xobeh here.
Found a stone staircase leading down.
The bullfrog hits you!
Casting: Vampiric Draining (safe; 6% risk of failure)
Confirm with . or Enter, or press ? or * to list all spells.
Aiming: Vampiric Draining (safe; 6% risk of failure)
Press: ? - help, Shift-Dir - straight line, f - bullfrog
Aim: a bullfrog You miscast Vampiric Draining.
You are very lightly contaminated with residual magic.
Strange energies run through your body.
The bullfrog hits you but does no damage.
Casting: Vampiric Draining (safe; 6% risk of failure)
Confirm with . or Enter, or press ? or * to list all spells.
You don't have enough magic to cast that spell.
Unknown command.
Sif Muna will now grant you divine energy when your reserves of magic are depleted.
You will briefly lose access to your magic after casting a spell in this manner.
Casting: Vampiric Draining (safe; 6% risk of failure)
Confirm with . or Enter, or press ? or * to list all spells.
Aiming: Vampiric Draining (safe; 6% risk of failure)
Press: ? - help, Shift-Dir - straight line, f/p - bullfrog
Aim: a bullfrog The bullfrog is lightly wounded.
You feel life coursing into your body. Sif Muna grants you divine energy.
You briefly lose access to your magic!
The bullfrog hits you. The bullfrog barely misses you.
A centaur comes into view.
The centaur shouts!
The centaur wields a +0 shortbow.
The centaur shoots an arrow.
The arrow hits you.
* * * LOW HITPOINT WARNING * * *
The centaur shoots an arrow.
The arrow hits you!
* * * LOW HITPOINT WARNING * * *
Blink to where?
Press: ? - help, Dir - move target cursor, p - bullfrog
As you read the scroll of blinking {@r4}, it crumbles to dust.
You regain access to your magic.
The centaur shoots an arrow.
The arrow hits you!
You die...

...##.##..... #....#
...#... ... ##..#F♣♣.♣
...... ........♣♣.♣
...... ..c.....♣♣.♣♣
......... .......#♣♣rP♣
....o....
#......#♣♣.♣♣###
.h.......
##......##l....#
.........
#.###......#.....<#
.........
...#@.#####.......#
.o..###.. ##.....#
###..#.### ##'##
#..###.......###....#..#
#...........###.........#
#.##......#......#...>..#
+
##...#####..l.###......#
#....## #....## ......##
#....#..##..##.##
#......#
##+####...###....##...##
.....##


You could see a bullfrog and a centaur.

Vanquished Creatures
  Edmund (D:4)
  A scorpion (D:4)
  A centaur skeleton (D:3)
  A hound (D:4)
  A gnoll (D:4)
  An adder (D:3)
  2 oozes (D:1)
  A worm (D:2)
  A dart slug (D:1)
  A leopard gecko (D:2)
  5 orcs (D:3)
  4 giant cockroaches
  4 goblins
  3 hobgoblins
  2 quokkas (D:2)
  2 ball pythons
  4 bats
  A frilled lizard (D:1)
  3 kobolds
  2 rats
41 creatures vanquished.

Notes
Turn   | Place    | Note
-------+----------+-------------------------------------------
     0 | D:1      | MisterOstroum the Centaur Necromancer began the quest for
                  | the Orb.
     0 | D:1      | Reached XP level 1. HP: 14/14 MP: 3/3
   271 | D:1      | Reached skill level 1 in Fighting
   271 | D:1      | Reached XP level 2. HP: 20/23 MP: 0/5
   836 | D:2      | Found a hide-covered altar of Uskayaw.
  1126 | D:2      | Reached XP level 3. HP: 16/29 MP: 2/6
  1618 | D:3      | Learned a level 3 spell: Vampiric Draining
  2257 | D:3      | Reached skill level 4 in Necromancy
  2257 | D:3      | Reached XP level 4. HP: 36/36 MP: 8/8
  2534 | D:4      | Found Ozeonemu's Magic Scroll Emporium.
  2537 | D:4      | Bought a scroll of blinking for 90 gold pieces
  2537 | D:4      | Bought a scroll of fear for 60 gold pieces
  2598 | D:4      | Reached XP level 5. HP: 40/41 MP: 9/9
  2609 | D:4      | Found a shimmering blue altar of Sif Muna.
  2612 | D:4      | Noticed Edmund
  2617 | D:4      | Became a worshipper of Sif Muna the Loreminder
  2671 | D:4      | Killed Edmund
  2671 | D:4      | Reached skill level 5 in Necromancy
  2671 | D:4      | Reached XP level 6. HP: 18/48 MP: 3/11
  2738 | D:4      | Found a sparkling altar of Nemelex Xobeh.
  2779 | D:4      | Shot with an arrow by a centaur

Skill      XL: |  1  2  3  4  5 |
---------------+----------------+-----
Fighting       | 1 2 |  2.0
Necromancy     | 4 5 |  5.1
Spellcasting   | 3 |  3.6
Dodging        | |  1.3
Stealth        | |  1.2

Action                   |  1- 3 |  4- 6 || total
-------------------------+-------+-------++-------
Melee: Dagger            |    13 |       ||    13
       Kick              |     1 |     3 ||     4
       Hand axe          |       |     4 ||     4
 Fire: Hunting sling     |    64 |     7 ||    71
Throw: Stone             |       |     2 ||     2
 Cast: Pain              |    67 |    13 ||    80
       Vampiric Draining |       |     3 ||     3
Invok: Divine Energy     |       |     1 ||     1
  Use: Scroll            |       |     1 ||     1
  Eat: Ration            |     2 |     1 ||     3
Armor: Robe              |    17 |     5 ||    22
Dodge: Dodged            |    19 |     7 ||    26
